 Dungeon Crawl Stone Soup version 0.26-a0-649-gf8c6c3aab7 (webtiles) character file.

Game seed: 15087187413894004114

144 knot the Chopper (level 5, 25/61 HPs)
             Began as a Demonspawn Berserker on Sept 26, 2020.
             Was a Believer of Trog.
             Quit the game on level 3 of the Dungeon.
             The game lasted 00:02:20 (4087 turns).

knot the Chopper (Demonspawn Berserker)             Turns: 4087, Time: 00:02:20

Health: 25/61      AC:  2    Str: 17    XL:     5   Next: 5%
Magic:  5/5        EV: 12    Int:  9    God:    Trog [**....]
Gold:   41         SH:  0    Dex: 13    Spells: 4/4 levels left

rFire    . . .     SeeInvis .   a - +0 hand axe
rCold    . . .     Faith    .   (no shield)
rNeg     . . .     Spirit   .   b - +0 animal skin
rPois    .         Reflect  .   (no helmet)
rElec    .         Harm     .   (no cloak)
rCorr    .         Rampage  .   (no gloves)
MR       .....                  (no boots)
Stlth    ..........             (no amulet)
HPRegen  0.20/turn              (no ring)
MPRegen  0.09/turn              (no ring)

@: berserking, very quick
A: claws 2, hooves 1
a: Berserk, Trog's Hand, Renounce Religion


You were on level 3 of the Dungeon.
You worshipped Trog.
Trog was pleased with you.
You visited 1 branch of the dungeon, and saw 3 of its levels.

You collected 41 gold pieces.

Inventory:

Hand Weapons
 a - a +0 hand axe (weapon)
Armour
 b - a +0 animal skin (worn)
Jewellery
 c - an uncursed ring of ice
 h - an uncursed amulet of reflection {unknown}
Scrolls
 d - a scroll of teleportation {unknown}
 f - a scroll of identify {unknown}
 m - a scroll of noise {unknown}
 n - 2 scrolls of fear {unknown}
 o - 2 scrolls of magic mapping {unknown}
 p - a scroll of remove curse {unknown}
 q - a scroll of enchant weapon {unknown}
Potions
 e - a potion of berserk rage {unknown}
 g - a potion of might {unknown}
 i - 2 potions of ambrosia {unknown}
 j - 2 potions of curing {unknown}
 k - a potion of degeneration {unknown}
 l - a potion of stabbing {unknown}


   Skills:
 - Level 3.0 Fighting
 + Level 5.3 Axes
 - Level 1.7 Armour
 - Level 1.7 Dodging


You had 4 spell levels left.
You didn't know any spells.
Your spell library was empty.

Dungeon Overview and Level Annotations

Branches:
Dungeon (3/15)

Altars:
Fedhas
Gozag
Makhleb
The Shining One


Innate Abilities, Weirdness & Mutations

You have very sharp fingernails.
You have large cloven feet.


Message History

The phantom blinks!
You feel sick. The adder barely misses you.
You feel sick. The adder misses you.
You feel sick. The adder barely misses you. The adder completely misses you.
You feel sick.
You are no longer poisoned.
A red film seems to cover your vision as you go berserk!
You feel yourself moving faster!
You feel mighty! The adder bites you but does no damage.
The adder barely misses you.
You slash the adder!
You kill the adder!
Trog accepts your kill.
You have reached level 5!
Your demonic ancestry asserts itself...
Your feet thicken and deform.
The phantom blinks!
Are you sure you want to abandon this character and quit the game? (Confirm with "yes".)

#.# #..# ##.# ## #..#
#..# #... .. #..# #..§
#..# #. #..# #..# #..#
#. #..# #..# #..# #.#
#..# #..# #..####.# #..#
#..# #..<.##.####..#
#... #.##.##.@.##..#
#.##
#.##.##.....#.########.#
#.##.##...##...§...W...#
#.##.##..##########.####
#.##.##..# #.#
#...#....# #.#
####.###.# #.# #.# #.#
#.# #.# #.# #.#


There were no monsters in sight!

Vanquished Creatures
  A worker ant (D:2)
  A gnoll (D:1)
  6 adders
  An ooze (D:2)
  3 worms (D:2)
  A dart slug (D:1)
  A giant cockroach (D:2)
  4 goblins
  5 hobgoblins
  4 jackals (D:2)
  5 kobolds
  A quokka (D:3)
  3 ball pythons
  2 frilled lizards
  10 rats
48 creatures vanquished.

Notes
Turn   | Place    | Note
-------+----------+-------------------------------------------
     0 | D:1      | knot the Demonspawn Berserker began the quest for the Orb.
     0 | D:1      | Reached XP level 1. HP: 18/18 MP: 1/1
   132 | D:1      | Reached skill level 3 in Axes
   292 | D:1      | Gained mutation: You have sharp fingernails. [demonic
                  | ancestry]
   292 | D:1      | Reached XP level 2. HP: 22/24 MP: 2/2
  1063 | D:1      | Gained mutation: You have very sharp fingernails. [demonic
                  | ancestry]
  1063 | D:1      | Reached XP level 3. HP: 29/29 MP: 3/3
  1355 | D:2      | Reached skill level 4 in Axes
  1705 | D:2      | Found a burning altar of Makhleb.
  2558 | D:2      | Found a glowing golden altar of the Shining One.
  2581 | D:2      | Reached XP level 4. HP: 19/35 MP: 4/4
  2745 | D:2      | Reached ** piety under Trog
  2818 | D:2      | Found an opulent altar of Gozag.
  3571 | D:2      | Reached skill level 5 in Axes
  3949 | D:3      | Found a blossoming altar of Fedhas.
  4052 | D:3      | Noticed a phantom
  4086 | D:3      | Gained mutation: You have large cloven feet. [demonic
                  | ancestry]
  4086 | D:3      | Reached XP level 5. HP: 24/41 MP: 5/5
  4087 | D:3      | Quit the game

Illustrated notes

Levels and vault maps discovered:
D:1:      erik_arrival_triangle_small, layout_basic
D:2:      layout_loops_corners, old_standard_altar, grunt_gozag_breadcrumbs,
          tso_metal_star, due_unseen_surprise
D:3:      layout_loops_ring, old_standard_altar

Skill      XL: |  1  2  3  4 |
---------------+-------------+-----
Axes           | 3 4 5 |  5.3
Fighting       | |  3.0
Armour         | |  1.7
Dodging        | |  1.7

Action                   |  1- 3 |  4- 6 || total
-------------------------+-------+-------++-------
Melee: Hand axe          |   142 |    55 ||   197
Invok: Berserk           |     1 |     3 ||     4
 Stab: Sleeping          |     1 |     1 ||     2
Armor: Animal skin       |    24 |     9 ||    33
Dodge: Dodged            |    82 |    41 ||   123

Table legend: (Time is in decaauts)
 A = Elapsed time spent in this place.
 B = Non-inter-level travel time spent in this place.
 C = Inter-level travel time spent in this place.
 D = Time resting spent in this place.
 E = Time spent auto-exploring this place.
 F = Levels seen in this place.
 G = Mean time per level.
                   A        B        C        D        E       F      G
               +--------+--------+--------+--------+--------+-----+--------+
         Total |   4137 |   4022 |    115 |    810 |   2770 |   3 | 1379.0 |
       Dungeon |   4137 |   4022 |    115 |    810 |   2770 |   3 | 1379.0 |
               +--------+--------+--------+--------+--------+-----+--------+

Top non-repeatable levels by time:
     D:2: 2406 daAuts
     D:1: 1552 daAuts
     D:3: 178 daAuts
